[Event "Early-Titled-Tuesday-Blitz-February-06-2024"]
[Site "Chess.com"]
[Date "2024.02.06"]
[Round "5"]
[White "SARGISMV"]
[Black "nekotyanof"]
[Result "1-0"]
[WhiteElo "2473"]
[BlackElo "2631"]
[TimeControl "180+1"]
[EndTime "8:51:31 PST"]
[Termination "SARGISMV won by resignation"]

1. d4 Nf6 2. c4 g6 3. Nc3 d5 4.
cxd5 Nxd5 5. Bd2 Bg7 6. Nf3 Nxc3 7. Bxc3 O-O 8. Rc1 Nd7 9. e4 Nf6 10. Bd3 Bg4 11. h3 Bxf3 12. Qxf3 e5 13. d5 Ne8 14. g4 Nd6 15. h4 f5 16. gxf5 gxf5 17. exf5 e4 18.
Qg4 Qd7 19. Rg1 Nxf5 20. Bxg7 exd3 21. Be5+ Kf7 22. Rxc7 1-0

[Event "Early-Titled-Tuesday-Blitz-February-06-2024"]
[Site "Chess.com"]
[Date "2024.02.06"]
[Round "5"]
[White "verrbaa"]
[Black "CarlosjPineror"]
[Result "0-1"]
[WhiteElo "2490"]
[BlackElo "2719"]
[TimeControl "180+1"]
[EndTime "8:51:39 PST"]
[Termination "CarlosjPineror won by resignation"]

1. e4 c5 2. Nf3 e6 3. d4 cxd4 4. Nxd4 a6 5. Bd3 Qc7 6. O-O Nf6 7. Qe2 h5 8. e5 Ng4 9. Bf4 f5 10. h3 Bc5 11. Nb3 Ba7 12. c4 Nc6 13. hxg4 hxg4 14. c5 Qd8 15. g3 b6 16. Kg2 Bb7 17. Kg1 Nd4 0-1

[Event "Early-Titled-Tuesday-Blitz-February-06-2024"]
[Site "Chess.com"]
[Date "2024.02.06"]
[Round "5"]
[White "andrzej"]
[Black "djano"]
[Result "1/2-1/2"]
[WhiteElo "2429"]
[BlackElo "2600"]
[TimeControl "180+1"]
[EndTime "8:51:39 PST"]
[Termination "Game drawn by repetition"]

1. e4 c5 2. Nf3 Nc6 3. d4 cxd4 4.
Nxd4 g6 5. c4 e5 6. Nc2 d6 7.
Nc3 Nf6 8. Bg5 h6 9. Bxf6 Qxf6 10. Nd5 Qd8 11. Qf3 Bg7 12. Rd1 O-O 13. Be2 Qa5+ 14.
Qc3 Qxc3+ 15. Nxc3 Nd4 16. Nxd4 exd4 17. Nb5 d3 18. Rxd3 Bxb2 19. Nc7 Rb8 20. Rb3 Bd4 21. Na6 Ra8 22. Nc7 Rb8 23. Na6 Ra8 24. Nc7 Rb8 1/2-1/2

[Event "Early-Titled-Tuesday-Blitz-February-06-2024"]
[Site "Chess.com"]
[Date "2024.02.06"]
[Round "5"]
[White "NtcPou"]
[Black "wild3000"]
[Result "0-1"]
[WhiteElo "2017"]
[BlackElo "2363"]
[TimeControl "180+1"]
[EndTime "8:51:41 PST"]
[Termination "wild3000 won by resignation"]

1. e4 c6 2. d4 d5 3. e5 Bf5 4. Nd2 e6 5. Nb3 Nd7 6. Nf3 h6 7. Be2 a5 8. a4 c5 9. dxc5 Bxc5 10.
Nxc5 Nxc5 11. Bb5+ Kf8 12. O-O Ne7 13. Nd4 Rc8 14.
c3 Bg6 15. f4 Nf5 16. Nxf5 Bxf5 17. g4 Be4 18. Be3 Qh4 19. Bf2 Qh3 0-1

[Event "Early-Titled-Tuesday-Blitz-February-06-2024"]
[Site "Chess.com"]
[Date "2024.02.06"]
[Round "5"]
[White "xberli"]
[Black "AlexPapasimakopoulos"]
[Result "1-0"]
[WhiteElo "2564"]
[BlackElo "2756"]
[TimeControl "180+1"]
[EndTime "8:51:42 PST"]
[Termination "xberli won by checkmate"]

1. d4 e6 2. c4 Nf6 3. Nc3 Bb4 4. a3 Bxc3+ 5. bxc3 O-O 6. Bg5 h6 7. Bh4 c5 8. e3 Qa5 9. Bd3 Qxc3+ 10. Kf1 g5 11. Bg3 Nc6 12. h4 cxd4 13. hxg5 hxg5 14. Ne2 Qa5 15.
Nxd4 Nxd4 16. exd4 Qd8 17. Be5 d6 18. Rh8+ Kg7 19.
Rh7+ Kg8 20. Qh5 Nxh5 21. Rh8# 1-0

[Event "Early-Titled-Tuesday-Blitz-February-06-2024"]
[Site "Chess.com"]
[Date "2024.02.06"]
[Round "5"]
[White "Kotlyar_K"]
[Black "Alen_Yeremyann"]
[Result "0-1"]
[WhiteElo "2478"]
[BlackElo "2731"]
[TimeControl "180+1"]
[EndTime "8:51:42 PST"]
[Termination "Alen_Yeremyann won by resignation"]

1. d4 Nf6 2. c4 e6 3. Nc3 Bb4 4.
e3 d5 5. Bd2 O-O 6. Nf3 c5 7.
a3 Bxc3 8. Bxc3 Ne4 9. Rc1 Nxc3 10. Rxc3 cxd4 11. Nxd4 e5 12. Nf3 d4 13. exd4 e4 14. Ne5 f6 15. Ng4 Bxg4 16. Qxg4 Qxd4 17. Be2 Nc6 18. O-O Rad8 19. Rg3 f5 20. Qh4 Qxb2 21.
Bh5 f4 22. Rg4 Qf6 23. Rb1 Qxh4 24. Rxh4 b6 25. Bg4 Nd4 26. Re1 f3 27. gxf3 exf3 28.
Be6+ Nxe6 0-1

[Event "Early-Titled-Tuesday-Blitz-February-06-2024"]
[Site "Chess.com"]
[Date "2024.02.06"]
[Round "5"]
[White "Vaibhavraut99"]
[Black "amanjazu"]
[Result "1-0"]
[WhiteElo "2730"]
[BlackElo "2456"]
[TimeControl "180+1"]
[EndTime "8:51:49 PST"]
[Termination "Vaibhavraut99 won by resignation"]

1. c4 e5 2. g3 Nc6 3. Bg2 f5 4. Nc3 Nf6 5. e3 d6 6. d4 Be7 7.
Nge2 O-O 8. O-O e4 9. f3 exf3 10. Bxf3 g6 11. Bd2 Re8 12. Qc2 Bf8 13. Rae1 Bg7 14.
Nf4 Ne7 15. Qd3 c6 16. d5 c5 17. e4 fxe4 18. Nxe4 Bf5 19. Bc3 Nxe4 20. Bxe4 Bxc3 21. Qxc3 Bxe4 22. Ne6 Nf5 23. Nxd8 Raxd8 24. Qf6 Nd4 25.
Rxe4 1-0

[Event "Early-Titled-Tuesday-Blitz-February-06-2024"]
[Site "Chess.com"]
[Date "2024.02.06"]
[Round "5"]
[White "IriBu"]
[Black "PapaieDudu"]
[Result "0-1"]
[WhiteElo "2529"]
[BlackElo "2426"]
[TimeControl "180+1"]
[EndTime "8:51:51 PST"]
[Termination "PapaieDudu won by resignation"]

1. Nf3 d5 2. g3 Nf6 3. Bg2 e6 4. d3 Be7 5. Nbd2 O-O 6. e4 b6 7.
e5 Nfd7 8. O-O Bb7 9. Re1 d4 10.
Nxd4 Bxg2 11. Kxg2 Nxe5 12. Nxe6 Qd5+ 13. Kg1 fxe6 14.
Qe2 Bc5 15. Rf1 Nbc6 16. Nb3 Nf3+ 0-1

[Event "Early-Titled-Tuesday-Blitz-February-06-2024"]
[Site "Chess.com"]
[Date "2024.02.06"]
[Round "5"]
[White "RamonManon0g"]
[Black "SharapovEvgeny"]
[Result "0-1"]
[WhiteElo "2408"]
[BlackElo "2536"]
[TimeControl "180+1"]
[EndTime "8:51:57 PST"]
[Termination "SharapovEvgeny won by resignation"]

1. e4 c5 2. Nf3 d6 3. Bb5+ Bd7 4. Bxd7+ Qxd7 5. c4 Nf6 6. Nc3 g6 7. O-O Bg7 8. d4 cxd4 9. Nxd4 O-O 10. f3 Rc8 11. b3 d5 12. exd5 Nxd5 13. Nxd5 e6 14. Be3 exd5 15. c5 Na6 16. Rc1 Nxc5 17. Nb5 b6 18. b4 Qxb5 19. bxc5 d4 20. Bd2 bxc5 21.
Re1 c4 22. Be3 dxe3 0-1

[Event "Early-Titled-Tuesday-Blitz-February-06-2024"]
[Site "Chess.com"]
[Date "2024.02.06"]
[Round "5"]
[White "unclear15"]
[Black "bteillet"]
[Result "1-0"]
[WhiteElo "2390"]
[BlackElo "2156"]
[TimeControl "180+1"]
[EndTime "8:52:07 PST"]
[Termination "unclear15 won by resignation"]

1. c4 d6 2. Nc3 Nf6 3. g3 g6 4. Bg2 Bg7 5. Nf3 O-O 6. O-O c5 7. d4 Nc6 8. dxc5 dxc5 9. Be3 Nd7 10. Qd2 e6 11. Rfd1 Qc7 12. Nb5 Qb8 13. Bf4 e5 14. Bh6 a6 15. Nd6 Nd4 16. Ne4 Nf6 17. Nxf6+ Bxf6 18. Bxf8 Kxf8 19. Rdc1 Be6 20. Nxd4 exd4 21. Bd5 Bh3 22. b4 Kg7 23. bxc5 d3 24. Rab1 dxe2 25.
Qxe2 Qc7 26. Rxb7 Qxc5 27. Rxf7+ Kh8 28. Rxf6 1-0

[Event "Early-Titled-Tuesday-Blitz-February-06-2024"]
[Site "Chess.com"]
[Date "2024.02.06"]
[Round "5"]
[White "AryanTari"]
[Black "Perecke"]
[Result "1-0"]
[WhiteElo "2937"]
[BlackElo "2597"]
[TimeControl "180+1"]
[EndTime "8:52:10 PST"]
[Termination "AryanTari won by resignation"]

1. d4 Nf6 2. Bf4 d5 3. e3 c5 4. dxc5 Nc6 5. Bb5 e6 6. b4 a5 7. c3 Bd7 8. a4 Be7 9. Nf3 O-O 10. O-O b6 11. Bxc6 Bxc6 12. b5 Bb7 13. c6 Bc8 14.
Nbd2 Bd6 15. Bg3 Qe7 16. c4 Rd8 17. Qb3 e5 18. cxd5 e4 19. Nd4 Bxg3 20. hxg3 Nxd5 21. Qc2 Nb4 22. Qxe4 1-0

[Event "Early-Titled-Tuesday-Blitz-February-06-2024"]
[Site "Chess.com"]
[Date "2024.02.06"]
[Round "5"]
[White "HelvertHernandez"]
[Black "mary-sanna"]
[Result "0-1"]
[WhiteElo "1918"]
[BlackElo "2191"]
[TimeControl "180+1"]
[EndTime "8:52:12 PST"]
[Termination "mary-sanna won by resignation"]

1. e4 c5 2. Nf3 Nc6 3. d4 cxd4 4. Nxd4 Nf6 5. Nc3 e5 6. Ndb5 d6 7. Bg5 a6 8. Na3 b5 9. Nd5 Be7 10. Bxf6 gxf6 11. c3 f5 12. f3 Rb8 13. Nc2 f4 14. Bd3 Bh4+ 15. Ke2 Rg8 16. Rg1 Be6 17. Ncb4 Nxb4 18.
Nxb4 Qb6 19. Qd2 Qf2+ 20. Kd1 Qxg1+ 21. Kc2 Qxa1 22. Bxb5+ axb5 23. Qxd6 Rxg2+ 0-1

[Event "Early-Titled-Tuesday-Blitz-February-06-2024"]
[Site "Chess.com"]
[Date "2024.02.06"]
[Round "5"]
[White "Akewjon"]
[Black "Maxfan2008"]
[Result "1-0"]
[WhiteElo "2766"]
[BlackElo "2547"]
[TimeControl "180+1"]
[EndTime "8:52:19 PST"]
[Termination "Akewjon won by checkmate"]

1. Nf3 d5 2. e3 Nf6 3. c4 c6 4. Nc3 e6 5. d4 Nbd7 6. b3 Bd6 7. Bb2 O-O 8. Be2 e5 9. cxd5 cxd5 10. dxe5 Nxe5 11.
O-O Bg4 12. Nxe5 Bxe5 13. Bxg4 Nxg4 14. Qxg4 Rc8 15. Rac1 Qa5 16. Na4 Bxb2 17. Rxc8 Rxc8 18. Qxc8+ Qd8 19. Qxd8# 1-0

[Event "Early-Titled-Tuesday-Blitz-February-06-2024"]
[Site "Chess.com"]
[Date "2024.02.06"]
[Round "5"]
[White "the_chess_child"]
[Black "winniethepooh04"]
[Result "1-0"]
[WhiteElo "2876"]
[BlackElo "2510"]
[TimeControl "180+1"]
[EndTime "8:52:34 PST"]
[Termination "the_chess_child won by resignation"]

1. e4 e6 2. d3 d5 3. Nd2 Nf6 4. Ngf3 Be7 5. g3 b6 6. Bg2 Bb7 7. e5 Nfd7 8. O-O c5 9. h4 Nc6 10. Re1 Qc7 11. Qe2 h6 12. h5 O-O-O 13. Nf1 g5 14.
hxg6 fxg6 15. Bh3 Nf8 16. c3 g5 17. N1h2 Kb8 18. a3 Bc8 19. b4 Ng6 20. bxc5 Bxc5 21. d4 Be7 22. Qd3 Rdg8 23. Bg2 Na5 24. Ng4 Qd8 25.
a4 Nf8 26. Nf6 Bxf6 27. exf6 Qxf6 28. Ne5 Nd7 29. c4 dxc4 30. Qe4 Nxe5 31. dxe5 Qe7 32.
Qa8+ Kc7 33. Qxa7+ Bb7 34. Be3 Qb4 35. Rab1 Nb3 36.
Qxb7+ 1-0

[Event "Early-Titled-Tuesday-Blitz-February-06-2024"]
[Site "Chess.com"]
[Date "2024.02.06"]
[Round "5"]
[White "FlemingA"]
[Black "Suleyman_Chess06"]
[Result "0-1"]
[WhiteElo "2433"]
[BlackElo "2666"]
[TimeControl "180+1"]
[EndTime "8:52:38 PST"]
[Termination "Suleyman_Chess06 won by resignation"]

1. g3 d5 2. Bg2 c6 3. Nf3 Bf5 4. b3 Nf6 5. d3 e6 6. Bb2 h6 7. O-O Be7 8. Nbd2 O-O 9. Re1 Nbd7 10. e4 Bh7 11. Qe2 dxe4 12. dxe4 a5 13. Nc4 Qc7 14. e5 Nd5 15. Red1 a4 16. Nd6 a3 17. Bd4 c5 18.
Nb5 Qb6 19. c4 cxd4 20. cxd5 d3 21. Qe3 Qxb5 22. d6 Bd8 23. Re1 Ba5 24. Nd4 Qb6 25. Rec1 Rac8 26. Rc4 Rxc4 27. bxc4 Bc3 0-1

[Event "Early-Titled-Tuesday-Blitz-February-06-2024"]
[Site "Chess.com"]
[Date "2024.02.06"]
[Round "5"]
[White "Caroexpert"]
[Black "Arimin1329"]
[Result "1-0"]
[WhiteElo "2564"]
[BlackElo "2412"]
[TimeControl "180+1"]
[EndTime "8:52:40 PST"]
[Termination "Caroexpert won by resignation"]

1. d4 c6 2. c4 d5 3. cxd5 cxd5 4.
Bf4 Nc6 5. e3 Nf6 6. Nc3 a6 7. Be2 Bf5 8. Nf3 Rc8 9. Qb3 Na5 10.
Qa4+ b5 11. Nxb5 axb5 12. Bxb5+ Bd7 13. Ne5 Nc4 14. O-O Nb6 15. Qa6 Ra8 16. Nxd7 Nbxd7 17. Qb7 Rb8 18. Bxb8 1-0

[Event "Early-Titled-Tuesday-Blitz-February-06-2024"]
[Site "Chess.com"]
[Date "2024.02.06"]
[Round "5"]
[White "PabloZarnicki"]
[Black "Chesstiger64"]
[Result "1-0"]
[WhiteElo "2621"]
[BlackElo "2276"]
[TimeControl "180+1"]
[EndTime "8:52:41 PST"]
[Termination "PabloZarnicki won by resignation"]

1. e4 e6 2. d3 d5 3. Qe2 Nf6 4. Nf3 Be7 5. g3 c5 6. Bg2 Nc6 7. e5 Nd7 8. O-O b6 9. c4 dxc4 10. dxc4 Qc7 11. Bf4 Bb7 12. Nc3 a6 13. Nd5 Qd8 14.
Rad1 O-O 15. Nxe7+ Qxe7 16. Ng5 Rfe8 17. Rd6 Nf8 18.
Bxc6 Bxc6 19. Rxc6 Ng6 20. Qe4 Qb7 21. Rxe6 Qxe4 22.
Rxe8+ Rxe8 23. Nxe4 Nxe5 24. Nd6 Re6 25. Bxe5 Rxe5 26.
Nc8 Re2 27. Rd1 g6 28. b3 b5 29. cxb5 axb5 30. Rc1 c4 31. bxc4 bxc4 32. a4 Re4 33. Nd6 Rd4 34. Nxc4 h5 35. a5 h4 36. gxh4 Rxh4 37. a6 Kg7 38. a7 Rh8 39. Nb6 Ra8 40. Nxa8 1-0

[Event "Early-Titled-Tuesday-Blitz-February-06-2024"]
[Site "Chess.com"]
[Date "2024.02.06"]
[Round "5"]
[White "Willi_Skibbe"]
[Black "Flawless_Fighter"]
[Result "0-1"]
[WhiteElo "2332"]
[BlackElo "2731"]
[TimeControl "180+1"]
[EndTime "8:52:42 PST"]
[Termination "Flawless_Fighter won by resignation"]

1. d4 Nf6 2. Nf3 d5 3. e3 c5 4. Nbd2 Nc6 5. dxc5 e6 6. a3 a5 7. c4 Bxc5 8. cxd5 exd5 9. b3 O-O 10. Bb2 d4 11. exd4 Nxd4 12. Nxd4 Bxd4 13. Bxd4 Qxd4 14. Be2 Rd8 15. Qc1 Bg4 16. Nf3 Bxf3 17. gxf3 Re8 18. Kf1 Rac8 19. Qd1 Qh4 20. h3 Rcd8 21. Qc2 Nd5 22. Bb5 Re5 23. Rd1 g6 24. Bc4 Nf4 25. Rxd8+ Qxd8 26. Kg1 Qg5+ 0-1

[Event "Early-Titled-Tuesday-Blitz-February-06-2024"]
[Site "Chess.com"]
[Date "2024.02.06"]
[Round "5"]
[White "volkanyirik"]
[Black "JiiHart"]
[Result "1-0"]
[WhiteElo "2395"]
[BlackElo "2150"]
[TimeControl "180+1"]
[EndTime "8:52:44 PST"]
[Termination "volkanyirik won by resignation"]

1. e4 c5 2. Nc3 e6 3. Bc4 Nc6 4. f4 a6 5. a4 d6 6. d3 Nf6 7.
Nf3 d5 8. exd5 exd5 9. Ba2 Bg4 10. h3 Bxf3 11. Qxf3 Nd4 12. Qd1 b5 13. O-O Be7 14.
Be3 Nf5 15. Bf2 b4 16. Ne2 O-O 17. g4 Nd4 18. Nxd4 cxd4 19. Bxd4 Rc8 20. Rc1 Bc5 21.
Bxc5 Rxc5 22. Qf3 Qc7 23. Rf2 Rc8 24. g5 Ne8 25. Bxd5 Qb6 26. Kg2 Rxc2 27. Rcxc2 1-0

[Event "Early-Titled-Tuesday-Blitz-February-06-2024"]
[Site "Chess.com"]
[Date "2024.02.06"]
[Round "5"]
[White "Leonid_Starozhilov"]
[Black "rubicapa"]
[Result "1-0"]
[WhiteElo "2713"]
[BlackElo "2450"]
[TimeControl "180+1"]
[EndTime "8:52:48 PST"]
[Termination "Leonid_Starozhilov won by resignation"]

1. e4 c5 2. Nf3 d6 3. Bb5+ Nd7 4. O-O Nf6 5. Re1 a6 6. Bxd7+ Bxd7 7. c3 Bc6 8. d4 cxd4 9. cxd4 Bxe4 10. Nc3 Bg6 11. d5 Bh5 12. Bg5 h6 13. Bxf6 gxf6 14. Ne4 Bg7 15.
Ng3 Bg6 16. Nh4 Kf8 17. Qg4 h5 18. Nxg6+ fxg6 19. Qxg6 Qe8 20. Qe4 h4 21. Nf5 1-0

[Event "Early-Titled-Tuesday-Blitz-February-06-2024"]
[Site "Chess.com"]
[Date "2024.02.06"]
[Round "5"]
[White "Chessdude1987"]
[Black "GrumbleBruno"]
[Result "0-1"]
[WhiteElo "2275"]
[BlackElo "2463"]
[TimeControl "180+1"]
[EndTime "8:52:51 PST"]
[Termination "GrumbleBruno won by resignation"]

1. e4 e5 2. Nf3 d5 3. exd5 e4 4. Ne5 Qxd5 5. d4 exd3 6. Nxd3 Bd6 7. Nc3 Qf5 8. Be2 Nf6 9. h3 Nc6 10. Be3 Bd7 11. Qd2 O-O-O 12. g4 Qa5 13. O-O-O Be6 14. Kb1 Ne4 15. Qe1 Nxc3+ 16. Qxc3 Qxa2+ 17. Kc1 Bb4 18. Kd2 Bxc3+ 19. bxc3 Ne5 20. Bd4 Nc4+ 21. Ke1 Rxd4 22. cxd4 Bd5 23. Rg1 Re8 24. Kf1 Qxc2 25. Nf4 Rxe2 0-1

[Event "Early-Titled-Tuesday-Blitz-February-06-2024"]
[Site "Chess.com"]
[Date "2024.02.06"]
[Round "5"]
[White "tolia123"]
[Black "Arteler"]
[Result "1-0"]
[WhiteElo "2203"]
[BlackElo "2540"]
[TimeControl "180+1"]
[EndTime "8:53:01 PST"]
[Termination "tolia123 won by checkmate"]

1. d4 Nf6 2. Nc3 e6 3. Bf4 d5 4. e3 c5 5. Qf3 cxd4 6. exd4 Nc6 7. O-O-O a5 8. Nb5 Be7 9. Nc7+ Kf8 10. Nxa8 a4 11. a3 Ne4 12. Bb5 Qa5 13. Nc7 Bg5 14.
Bxc6 bxc6 15. Bxg5 Nxg5 16. Qf4 Ne4 17. f3 Nf6 18. Qd6+ Kg8 19. Qd8+ Ne8 20. Qxe8# 1-0

[Event "Early-Titled-Tuesday-Blitz-February-06-2024"]
[Site "Chess.com"]
[Date "2024.02.06"]
[Round "5"]
[White "marcodobrikov"]
[Black "amintabatabaei"]
[Result "0-1"]
[WhiteElo "2679"]
[BlackElo "2952"]
[TimeControl "180+1"]
[EndTime "8:53:06 PST"]
[Termination "amintabatabaei won by resignation"]

1. d4 d6 2. Bf4 Nf6 3. e3 g6 4. c3 Bg7 5. Nd2 O-O 6. Bg3 Nh5 7. Ngf3 Nxg3 8. hxg3 e5 9. Be2 Nd7 10. Qb3 c6 11. Ne4 d5 12. Ned2 e4 13. Ng1 a5 14.
Nh3 a4 15. Qc2 b5 16. O-O h5 17.
b3 h4 18. g4 Nf6 19. f3 Qe7 20. g5 exf3 21. gxf6 Qxe3+ 22. Rf2 fxe2 23. Re1 axb3 24.
axb3 Bf5 25. Qc1 Bh6 26. Rxe2 Qg3 27. Qe1 Bxh3 28. Nf1 Qg5 29. Re5 Bf5 30. Nh2 Qc1 31. Qxc1 Bxc1 32. Nf3 Rfe8 33. Nxh4 Rxe5 34. dxe5 Be3 0-1

[Event "Early-Titled-Tuesday-Blitz-February-06-2024"]
[Site "Chess.com"]
[Date "2024.02.06"]
[Round "5"]
[White "ChessRespected"]
[Black "ValentinDragnev"]
[Result "0-1"]
[WhiteElo "2544"]
[BlackElo "2766"]
[TimeControl "180+1"]
[EndTime "8:53:07 PST"]
[Termination "ValentinDragnev won on time"]

1. d4 Nf6 2. Nf3 b6 3. e3 Bb7 4. Bd3 g6 5. O-O Bg7 6. c4 O-O 7. Nc3 d5 8. cxd5 Nxd5 9. e4 Nxc3 10. bxc3 c5 11. Qe2 cxd4 12. cxd4 Nc6 13. Bb2 Nxd4 14. Bxd4 Bxd4 15. Rad1 Bg7 16. Ba6 Qc8 17. Bxb7 Qxb7 18.
e5 e6 19. Rd6 Rfd8 20. Rfd1 Rxd6 21. exd6 Rd8 22. h4 Bf8 23. Qe5 Qc6 24. d7 Rxd7 25.
Rxd7 Qxd7 26. Qb8 Qd1+ 27. Kh2 Qd6+ 0-1

[Event "Early-Titled-Tuesday-Blitz-February-06-2024"]
[Site "Chess.com"]
[Date "2024.02.06"]
[Round "5"]
[White "Aariow"]
[Black "Gabrielian_Artur"]
[Result "0-1"]
[WhiteElo "2499"]
[BlackElo "2760"]
[TimeControl "180+1"]
[EndTime "8:53:12 PST"]
[Termination "Gabrielian_Artur won on time"]

1. d4 Nf6 2. c4 c5 3. d5 e6 4. Nc3 exd5 5. cxd5 d6 6. e4 g6 7. f4 Bg7 8. Bb5+ Nfd7 9. Nf3 O-O 10. O-O a6 11.
Bd3 b5 12. a3 Bb7 13. Kh1 Nf6 14. f5 Nbd7 15. Bg5 Re8 16. Qd2 Qe7 17. Rae1 Qf8 18.
fxg6 hxg6 19. Qf4 Nh7 20. Qh4 Ne5 21. Bc2 Nxf3 22. Rxf3 Nxg5 23. Qxg5 Re5 24. Qg3 Rh5 25. h3 Be5 26. Qg4 Bc8 27. Rf5 Qg7 0-1

[Event "Early-Titled-Tuesday-Blitz-February-06-2024"]
[Site "Chess.com"]
[Date "2024.02.06"]
[Round "5"]
[White "starworld123"]
[Black "ozates"]
[Result "1-0"]
[WhiteElo "2832"]
[BlackElo "2630"]
[TimeControl "180+1"]
[EndTime "8:53:14 PST"]
[Termination "starworld123 won by resignation"]

1. Nf3 c5 2. e3 Nc6 3. d4 cxd4 4.
exd4 d5 5. c3 Nf6 6. Be2 Bf5 7.
Bf4 e6 8. Nbd2 Bd6 9. Bxd6 Qxd6 10. O-O h6 11. Re1 O-O 12. a4 Rab8 13. h3 Rfe8 14.
Ne5 Nd7 15. Nxd7 Qxd7 16. Nf3 a6 17. a5 Qc7 18. Qa4 Re7 19. Nd2 Rbe8 20. Bf3 Qd6 21. Qa2 e5 22. Qxd5 Qxd5 23. Bxd5 exd4 24. Rxe7 Rxe7 25. cxd4 Nxd4 26. Nc4 Nb3 27. Ra3 Nc1 28. Nd6 Re1+ 29. Kh2 Nd3 30. Nxf5 1-0

[Event "Early-Titled-Tuesday-Blitz-February-06-2024"]
[Site "Chess.com"]
[Date "2024.02.06"]
[Round "5"]
[White "FormerProdigy"]
[Black "Crazy_girl99"]
[Result "1-0"]
[WhiteElo "3017"]
[BlackElo "2616"]
[TimeControl "180+1"]
[EndTime "8:53:20 PST"]
[Termination "FormerProdigy won by resignation"]

1. e4 e5 2. Nf3 Nc6 3. a4 Nf6 4.
Nc3 Bc5 5. Nxe5 Bxf2+ 6. Kxf2 Nxe5 7. d4 Neg4+ 8. Kg1 d5 9. h3 Nh6 10. Bg5 dxe4 11. Nxe4 Nhg8 12. Bc4 h6 13. Nxf6+ Nxf6 14. Qe2+ Kf8 15. Bxf6 Qxf6 16. Rf1 Qxd4+ 17. Kh2 Qd6+ 18.
g3 f5 19. Rd1 Qe7 20. Rhe1 Qxe2+ 21. Rxe2 Be6 22. Rxe6 Re8 23. Rd7 Rxe6 24. Bxe6 Ke8 25. Rxc7 Rf8 26. Rc8+ 1-0

[Event "Early-Titled-Tuesday-Blitz-February-06-2024"]
[Site "Chess.com"]
[Date "2024.02.06"]
[Round "5"]
[White "Vazabanga"]
[Black "Bauman_Guy"]
[Result "0-1"]
[WhiteElo "2643"]
[BlackElo "2856"]
[TimeControl "180+1"]
[EndTime "8:53:21 PST"]
[Termination "Bauman_Guy won by resignation"]

1. d4 Nf6 2. c4 e6 3. g3 d5 4. Nf3 dxc4 5. Bg2 Bb4+ 6. Bd2 c5 7. Bxb4 cxb4 8. Qa4+ Nc6 9. Ne5 O-O 10. Nxc6 bxc6 11.
Qxc6 Qxd4 12. Nd2 Rd8 13. O-O Bd7 14. Qxc4 Qxd2 15. Rad1 Qxb2 16. Bxa8 Rxa8 17. Rxd7 Nxd7 18. Qc6 Nb6 19. Rd1 h5 0-1

[Event "Early-Titled-Tuesday-Blitz-February-06-2024"]
[Site "Chess.com"]
[Date "2024.02.06"]
[Round "5"]
[White "Bilan_Danila"]
[Black "Marcan2b"]
[Result "0-1"]
[WhiteElo "2612"]
[BlackElo "3012"]
[TimeControl "180+1"]
[EndTime "8:53:21 PST"]
[Termination "Marcan2b won by resignation"]

1. d4 Nf6 2. Nf3 c5 3. e3 g6 4.
c3 Bg7 5. Nbd2 O-O 6. Bc4 d5 7. Bd3 Nbd7 8. O-O b6 9. e4 dxe4 10. Nxe4 Bb7 11. Re1 cxd4 12. Nxd4 Nxe4 13. Bxe4 Bxe4 14.
Rxe4 Nc5 15. Re1 e5 16. Nc6 Qc7 17. Qd5 Rfe8 18. Bg5 Rac8 19. Nb4 h6 20. Bh4 g5 21. Bg3 a5 22. Nc2 Rcd8 23. Qc4 Rd2 24. Re2 Qd7 25. Rae1 Rxe2 26. Qxe2 f5 27. f4 gxf4 28. Bxf4 Nd3 29.
Rd1 Nxf4 30. Qc4+ Qe6 0-1

[Event "Early-Titled-Tuesday-Blitz-February-06-2024"]
[Site "Chess.com"]
[Date "2024.02.06"]
[Round "5"]
[White "disciplinedbrat"]
[Black "elchacal664"]
[Result "1-0"]
[WhiteElo "2294"]
[BlackElo "2455"]
[TimeControl "180+1"]
[EndTime "8:53:22 PST"]
[Termination "disciplinedbrat won by resignation"]

1. Nf3 Nf6 2. g3 g6 3. Bg2 Bg7 4. O-O O-O 5. d3 d6 6. e4 e5 7. Re1 h6 8. Nbd2 c5 9. c3 b6 10. Nc4 Ba6 11. Ne3 Nbd7 12. Qc2 b5 13. a4 b4 14. h4 Qa5 15. Nc4 Qc7 16. Nh2 Rac8 17. Qe2 bxc3 18. bxc3 Nb6 19. Ne3 c4 20. d4 exd4 21.
cxd4 c3 22. Qxa6 Rfe8 23. Qd3 Nc4 24. Nc2 Nd7 25. Qxc3 1-0

[Event "Early-Titled-Tuesday-Blitz-February-06-2024"]
[Site "Chess.com"]
[Date "2024.02.06"]
[Round "5"]
[White "MagnusCarlsen"]
[Black "Mackster23"]
[Result "1-0"]
[WhiteElo "3340"]
[BlackElo "2730"]
[TimeControl "180+1"]
[EndTime "8:53:27 PST"]
[Termination "MagnusCarlsen won by resignation"]

1. Nf3 d5 2. Na3 c5 3. g3 Nc6 4.
Bg2 e5 5. O-O Nf6 6. d3 Be7 7.
e4 dxe4 8. dxe4 Be6 9. Ng5 Bg4 10.
f3 Bc8 11. Qxd8+ Nxd8 12. c3 O-O 13. Rd1 h6 14. Nh3 a6 15. Nf2 Be6 16. Bh3 Bxh3 17.
Nxh3 b5 18. Nc2 Nc6 19. Nf2 Rfd8 20. Rxd8+ Rxd8 21. Kf1 Kf8 22. Ke2 c4 23. Be3 a5 24.
a4 b4 25. Bd2 Rb8 26. Ne3 bxc3 27. bxc3 Nd7 28. Nxc4 Nc5 29. Nd3 Nb3 30. Ra2 f6 31. Be3 Nd8 32. Rb2 Rc8 33. Nb6 Rxc3 34. Nd5 Nd4+ 35. Bxd4 exd4 36. Nxc3 dxc3 37. Rb8 Kf7 38. Rc8 Ne6 39. Rxc3 1-0

[Event "Early-Titled-Tuesday-Blitz-February-06-2024"]
[Site "Chess.com"]
[Date "2024.02.06"]
[Round "5"]
[White "Kunalm64"]
[Black "VitaliyChayka"]
[Result "1/2-1/2"]
[WhiteElo "2563"]
[BlackElo "2416"]
[TimeControl "180+1"]
[EndTime "8:53:27 PST"]
[Termination "Game drawn by repetition"]

1. e4 d6 2. d4 Nf6 3. Nc3 e5 4.
Nf3 Nbd7 5. Bc4 Be7 6. O-O O-O 7.
Re1 c6 8. a4 a5 9. h3 exd4 10.
Nxd4 Nc5 11. Qf3 Be6 12. Ba2 Qb6 13. Nf5 Bxf5 14. exf5 Rfe8 15. Bc4 d5 16. Bf1 Bd6 17.
Rd1 Nfe4 18. Ne2 Be5 19. c3 Qb3 20. Nd4 Bxd4 21. cxd4 Qxf3 22. gxf3 Nb3 23. Ra3 Nxc1 24. fxe4 Rxe4 25. Rxc1 Rxd4 26. Re3 Rxa4 27. Re7 Rb4 28.
Rce1 Kf8 29. Rc7 Re8 30. Rb1 a4 31. Ra1 Re7 32. Rc8+ Re8 33. Rc7 Re7 34. Rc8+ Re8 35. Rc7 1/2-1/2

[Event "Early-Titled-Tuesday-Blitz-February-06-2024"]
[Site "Chess.com"]
[Date "2024.02.06"]
[Round "5"]
[White "abelmat"]
[Black "Saraisitave"]
[Result "1-0"]
[WhiteElo "2084"]
[BlackElo "2229"]
[TimeControl "180+1"]
[EndTime "8:53:28 PST"]
[Termination "abelmat won on time"]

1. d4 d5 2. c4 c6 3. Nf3 Nf6 4. Nc3 e6 5. e3 Nbd7 6. Bd3 dxc4 7. Bxc4 b5 8. Bd3 a6 9. e4 c5 10. e5 cxd4 11. exf6 dxc3 12. fxg7 Bxg7 13. bxc3 Bxc3+ 14.
Bd2 Bxa1 15. Qxa1 Rg8 16. O-O Bb7 17. Be2 Ne5 18. Qxe5 Qxd2 19. Rd1 1-0